 Dungeon Crawl Stone Soup version 0.20-a0-317-gc038824 (webtiles) character file.

53 Promi the Skirmisher (level 3, -5/31 HPs)
             Began as a Ghoul Monk on Dec 21, 2016.
             Killed from afar by an orc wizard (6 damage)
             ... with a magic dart
             ... on level 3 of the Dungeon.
             The game lasted 00:05:22 (1966 turns).

Promi the Skirmisher (Ghoul Monk)                   Turns: 1966, Time: 00:05:22

Health: -5/31      AC:  4    Str: 12 (14) XL:     3   Next: 87%
Magic:  2/2        EV: 12    Int:  2 (5)  God:
Gold:   91         SH:  0    Dex:  8 (12) Spells: 2/2 levels left

rFire  . . .     SeeInvis .     a - +0 falchion
rCold  + . .     Gourm    .     b - +0 robe
rNeg   + + +     Faith    .     (no shield)
rPois  ∞         Spirit   .     f - +2 hat
rElec  .         Reflect  .     (no cloak)
rCorr  .         Harm     .     (no gloves)
MR     .....                    (no boots)
Stlth  ++........               (no amulet)
                                (no ring)
                                (no ring)

@: rotting
A: rotting body, claws 1, carnivore 3, cold resistance 1, negative energy
resistance 3, slow regeneration 1, torment resistance, unbreathing
a: no special abilities


You were on level 3 of the Dungeon.
You were not hungry.

You visited 1 branch of the dungeon, and saw 3 of its levels.

You collected 91 gold pieces.

Inventory:

Hand Weapons
 a - a +0 falchion (weapon)
Armour
 b - a +0 robe (worn)
 f - a +2 hat (worn)
Scrolls
 n - 2 scrolls of teleportation
Potions
 e - a potion of brilliance
 g - a potion of resistance
Comestibles
 c - a meat ration


   Skills:
 + Level 3.5 Fighting
 + Level 3.1 Long Blades
 + Level 1.2 Armour
 + Level 3.1 Dodging
 + Level 2.6 Stealth


You had 2 spell levels left.
You didn't know any spells.

Dungeon Overview and Level Annotations

Branches:
Dungeon (3/15)

Altars:


Innate Abilities, Weirdness & Mutations

Your body is rotting away.
You thrive on raw meat.
You are immune to poison.
You have sharp fingernails.
You are carnivorous and can eat meat at any time.
Your flesh is cold resistant. (rC+)
You are immune to negative energy. (rN+++)
You regenerate slowly when monsters are visible.
You are immune to unholy pain and torment.
You can survive without breathing.


Message History

You closely miss something. Something hits you but does no damage.
You miss something. Something hits you.
* * * LOW HITPOINT WARNING * * *
You miss something. Something hits you.
* * * LOW HITPOINT WARNING * * *
You hit something. Something hits you.
* * * LOW HITPOINT WARNING * * *
Something hits you.
* * * LOW HITPOINT WARNING * * *
You miss something. Something hits you.
* * * LOW HITPOINT WARNING * * *
You hit something but do no damage. Something hits you but does no damage.
You miss something.
You hear some strange, mumbled words.
Something tries to affect you, but you resist.
You barely miss something.
You hear some strange, mumbled words.
A magic dart appears from out of thin air!
The magic dart hits you!
You die...

#.##.##.# #.##.##.#
#.##.##.#
###########.......#
#o{.<....#####.####
#..###.#.#####.#
....o............#
##.#..#...#.#######
.. #..## #@# ## #..
#{# #........#
##########


There were no monsters in sight!

Vanquished Creatures
  2 adders
  2 worms (D:2)
  A leopard gecko (D:2)
  An orc (D:2)
  2 giant cockroaches (D:1)
  2 goblins (D:2)
  A hobgoblin (D:1)
  4 jackals (D:1)
  A kobold (D:2)
  4 bats
  3 frilled lizards
  5 rats
28 creatures vanquished.

Notes
Turn   | Place    | Note
-------+----------+-------------------------------------------
     0 | D:1      | Promi the Ghoul Monk began the quest for the Orb.
     0 | D:1      | Reached XP level 1. HP: 19/19 MP: 0/0
   363 | D:1      | Reached XP level 2. HP: 20/26 MP: 1/1
   957 | D:2      | Reached XP level 3. HP: 5/31 MP: 2/2
  1438 | D:2      | Reached skill level 1 in Armour
  1963 | D:3      | HP: 1/31 [something (2)]
  1966 | D:3      | Killed from afar by an orc wizard

Vault maps used:
D:1:      dpeg_arrival_water_altar
D:2:      first_bread
D:3:      minmay_misc_feat_chi, uniq_grinder, uniq_jessica

Skill      XL: |  1  2  3 |
---------------+----------+-----
Dodging        | 3 |  3.1
Long Blades    | 3 |  3.1
Armour         | 1 |  1.2
Fighting       | |  3.5
Stealth        | |  2.6

Action                   || total
-------------------------++-------
Melee: Falchion          ||   159
  Use: Potion            ||     7
       Scroll            ||     6
 Stab: Sleeping          ||     4
  Eat: Chunk             ||     9
Armor: Robe              ||    40
Dodge: Dodged            ||    96
       Rpst.: Falchion   ||    30
